 Dungeon Crawl Stone Soup version 0.29.1-15-g9cfb28693d (webtiles) character file.

Game seed: 9257919688650838280

73 ThatPearl the Trooper (level 4, -2/30 HPs)
             Began as a Gargoyle Monk on Mar 17, 2023.
             Slain by a gnoll
             ... wielding a +0 spear
              (3 damage)
             ... on level 2 of the Dungeon.
             The game lasted 00:03:20 (2128 turns).

ThatPearl the Trooper (Gargoyle Monk)               Turns: 2128, Time: 00:03:21

Health: -2/30      AC:  9    Str: 15    XL:     4   Next: 27%
Magic:  4/4        EV:  9    Int: 12    God:
Gold:   101        SH:  0    Dex: 12    Spells: 2/3 levels left

rFire   . . .      SeeInvis .   a - +0 hand axe
rCold   . . .      Faith    .   (no shield)
rNeg    + . .      Spirit   .   k - +0 scale mail
rPois   ∞          Reflect  .   (no helmet)
rElec   +          Harm     .   (no cloak)
rCorr   .          Rampage  .   (no gloves)
Will    .....                   (no boots)
Stlth   +.........              (no amulet)
HPRegen 0.10/turn               (no ring)
MPRegen 0.09/turn               (no ring)

@: flying
A: sickness immunity, AC +3, negative energy resistance 1, electricity
resistance, torment resistance 1, petrification resistance
a: no special abilities


You were on level 2 of the Dungeon.
You visited 1 branch of the dungeon, and saw 2 of its levels.

You collected 101 gold pieces.

Inventory:

Hand Weapons
 a - a +0 hand axe (weapon)
 d - a +0 sling
Missiles
 j - 10 stones (quivered)
 q - 3 boomerangs
Armour
 k - a +0 scale mail (worn)
Scrolls
 e - a scroll of magic mapping {unknown}
 g - a scroll of enchant armour {unknown}
 h - a scroll of teleportation {unknown}
 l - 2 scrolls of identify {unknown}
 m - 2 scrolls of noise {unknown}
 p - a scroll of enchant weapon {unknown}
Potions
 b - 2 potions of flight
 c - a potion of ambrosia
 f - a potion of heal wounds {unknown}
 i - 2 potions of curing {unknown}
 n - 4 potions of degeneration {unknown}
 o - a potion of brilliance {unknown}


   Skills:
 + Level 4.3 Fighting
 + Level 3.6 Axes
 - Level 2.4 Dodging
 - Level 2.1 Stealth
 + Level 0.4 Spellcasting
 - Level 0.5 Ice Magic


You had 2 spell levels left.
You knew the following spells:

 Your Spells              Type           Power      Damage    Failure   Level
a - Freeze                Ice            4%         1d3       71%         1

Your spell library contained the following spells:

 Spells                   Type           Power      Damage    Failure   Level
 Frozen Ramparts          Ice            2%         1d1       97%         3
 Hailstorm                Conj/Ice       0%         3d3       100%        4


Dungeon Overview and Level Annotations

Branches:
Dungeon (2/15)

Altars:


Innate Abilities, Weirdness & Mutations

You are immune to sickness and miasma.
Your stone body is resilient. (AC +3)
You are immune to poison.
You resist negative energy. (rN+)
You are resistant to electric shocks. (rElec)
You are resistant to unholy torment.
You are immune to petrification.


Message History

You kill the dart slug!
A gnoll comes into view. It is wielding a +0 spear.
The gnoll shouts!
A ball python comes into view.
The ball python hisses angrily.
An endoplasm comes into view.
You hit the ball python. Your punch misses the ball python.
The ball python is severely wounded.
The ball python closely misses you. The ball python barely misses you.
You closely miss the ball python.
The ball python is severely wounded.
The ball python bites you but does no damage.
The ball python grabs you. The ball python constricts you.
You hit the ball python.
You kill the ball python!
The gnoll barely misses you. The gnoll hits you with a +0 spear.
You hit the gnoll.
The gnoll is lightly wounded.
The gnoll hits you with a +0 spear.
You barely miss the gnoll.
The gnoll is lightly wounded.
The gnoll hits you with a +0 spear.
You hit the gnoll but do no damage.
The gnoll is lightly wounded.
The gnoll closely misses you.
You hit the gnoll.
The gnoll is moderately wounded.
The gnoll hits you with a +0 spear.
* * * LOW HITPOINT WARNING * * *
You hit the gnoll but do no damage.
The gnoll is moderately wounded.
The gnoll hits you with a +0 spear.
* * * LOW HITPOINT WARNING * * *
The gnoll hits you with a +0 spear.
* * * LOW HITPOINT WARNING * * *
It was a potion of flight.
You feel very buoyant.
You fly up into the air.
The gnoll hits you with a +0 spear.
You die...

#####..##.####.....<.
##........# #.
#..#####.# ##.#.#.#.#
#.#...#.# #.# #...##
#.#...#..# #.#.#.#..#
#.#####.@#
#.......g#######...
##..###..##..g.....
#..........######.
############


You could see a gnoll.

Vanquished Creatures
  3 adders (D:2)
  2 worms (D:2)
  2 dart slugs
  3 ball pythons
  3 endoplasms
  5 goblins
  2 hobgoblins
  3 bats
  5 frilled lizards
  4 kobolds
  7 rats (D:1)
39 creatures vanquished.

Notes
Turn   | Place    | Note
-------+----------+-------------------------------------------
     0 | D:1      | ThatPearl the Gargoyle Monk began the quest for the Orb.
     0 | D:1      | Reached XP level 1. HP: 14/14 MP: 1/1
   329 | D:1      | Reached XP level 2. HP: 16/19 MP: 2/2
  1194 | D:2      | Reached skill level 4 in Fighting
  1194 | D:2      | Reached XP level 3. HP: 20/24 MP: 3/3
  1257 | D:2      | Learned a level 1 spell: Freeze
  1391 | D:2      | Reached XP level 4. HP: 23/29 MP: 4/4
  2127 | D:2      | HP: 1/30 [gnoll/+0 spear (2)]
  2128 | D:2      | Slain by a gnoll

Illustrated notes

Levels and vault maps discovered:
D:1:      heliophobic_arrival_dark_side_of_the_moon, layout_loops_ring,
          minmay_shallow_snake_nest
D:2:      minmay_inner_zag, layout_loops_ring, minmay_split_cup_large

Skill      XL: |  1  2 |
---------------+-------+-----
Axes           | 3 |  3.6
Fighting       | 4 |  4.3
Dodging        | |  2.4
Stealth        | |  2.1
Spellcasting   | |  0.4
Ice Magic      | |  0.5

Action                   |  1- 3 |  4- 6 || total
-------------------------+-------+-------++-------
Melee: Hand axe          |    82 |    58 ||   140
       Punch             |     1 |       ||     1
Throw: Stone             |     1 |       ||     1
  Use: Potion            |       |     1 ||     1
 Stab: Sleeping          |     2 |       ||     2
Armor: Leather armour    |    12 |       ||    12
       Robe              |     1 |       ||     1
       Scale mail        |    21 |    23 ||    44
Dodge: Dodged            |    42 |    27 ||    69
